 Dungeon Crawl Stone Soup version 0.20.1-1-g8b1a95d (webtiles) character file.

177 Peloso the Shield-Bearer (level 5, -8/42 HPs)
             Began as a Demonspawn Fighter on Oct 21, 2017.
             Was an Initiate of Okawaru.
             Mangled by a two-headed ogre
             ... wielding a cursed -2 giant club
              (9 damage)
             ... on level 4 of the Dungeon.
             The game lasted 00:06:08 (2354 turns).

Peloso the Shield-Bearer (Demonspawn Fighter)       Turns: 2354, Time: 00:06:09

Health: -8/42      AC:  6    Str: 22    XL:     5   Next: 30%
Magic:  5/5        EV:  7    Int: 10    God:    Okawaru [......]
Gold:   183        SH:  9    Dex: 12    Spells: 4/4 levels left

rFire    . . .     SeeInvis .   a - +0 long sword
rCold    . . .     Gourm    .   c - +0 shield
rNeg     . . .     Faith    .   b - +0 scale mail
rPois    .         Spirit   .   (helmet restricted)
rElec    .         Reflect  .   (no cloak)
rCorr    .         Harm     .   (no gloves)
MR       .....                  (no boots)
Stlth    ..........             (no amulet)
Regen    0.2/turn               (no ring)
MPRegen  0.1/turn               (no ring)

@: mighty
A: antennae 1, powered by pain 1
a: Renounce Religion


You were on level 4 of the Dungeon.
You worshipped Okawaru.
Okawaru was noncommittal.
You were not hungry.

You visited 1 branch of the dungeon, and saw 4 of its levels.

You collected 183 gold pieces.

Inventory:

Hand Weapons
 a - a +0 long sword (weapon)
Armour
 b - a +0 scale mail (worn)
 c - a +0 shield (worn)
 t - a +0 helmet
Scrolls
 j - a scroll of blinking {unknown}
 l - a scroll of recharging {unknown}
 o - 2 scrolls of amnesia {unknown}
 p - 4 scrolls of enchant armour {unknown}
 v - a scroll of fog {unknown}
Potions
 e - 2 potions of degeneration
 g - a potion of lignification
 i - a potion of resistance {unknown}
 n - a potion of haste {unknown}
 r - a potion of magic {unknown}
 u - a potion of agility {unknown}
 w - 2 potions of curing
Books
 q - a book of Minor Magic

   Spells                             Type                      Level
   a - Magic Dart                     Conjuration                  1
   b - Blink                          Translocation                2
   c - Call Imp                       Summoning                    2
   d - Slow                           Hexes                        2
   e - Conjure Flame                  Conjuration/Fire             3
   f - Mephitic Cloud                 Conjuration/Poison/Air       3
Comestibles
 f - 2 bread rations
 k - 2 royal jellies
 m - 3 meat rations
 s - 3 fruits
 x - 5 chunks of flesh


   Skills:
 + Level 3.7 Fighting
 + Level 3.1 Long Blades
 + Level 3.2 Armour
 + Level 0.5 Dodging
 + Level 3.8 Shields


You had 4 spell levels left.
You didn't know any spells.

Dungeon Overview and Level Annotations

Branches:
Dungeon (4/15)
 Temple: D:4-7

Altars:
Ashenzari
Gozag
Okawaru
Sif Muna
Zin


Innate Abilities, Weirdness & Mutations

You have a pair of small antennae on your head.
You sometimes gain a little power by taking damage.


Message History

e - 2 potions of degeneration
As you read the scroll of identify, it crumbles to dust.
w - 2 potions of curing
As you read the scroll of identify, it crumbles to dust.
g - a potion of lignification You hit the two-headed ogre.
The two-headed ogre is lightly wounded.
The two-headed ogre hits you with a giant club!!
Ouch! That really hurt!
* * * LOW HITPOINT WARNING * * *
You block the two-headed ogre's attack.
You slash the two-headed ogre!
The two-headed ogre is moderately wounded.
The two-headed ogre hits you with a giant club!
* * * LOW HITPOINT WARNING * * *
You block the two-headed ogre's attack.
Your scale mail prevents you from hitting the two-headed ogre.
The two-headed ogre is moderately wounded.
The two-headed ogre hits you with a giant club!
You die...

.......>...
..........#
..........#
.......)..#
.$........#
..........#
..........#
......O@..#
#.P####...#
#...# {#...#
#####..#
#...'..#
#...#..#
##+##..#####.#
#.........#


You could see a two-headed ogre.

Vanquished Creatures
  Robin (D:3)
  8 adders
  An ooze (D:2)
  3 dart slugs
  A worm (D:2)
  2 leopard geckos (D:3)
  6 orcs (D:3)
  6 bats
  A giant cockroach (D:3)
  20 goblins
  6 hobgoblins
  A ball python (D:2)
  6 frilled lizards
  8 kobolds
  5 rats
75 creatures vanquished.

Notes
Turn   | Place    | Note
-------+----------+-------------------------------------------
     0 | D:1      | Peloso the Demonspawn Fighter began the quest for the Orb.
     0 | D:1      | Reached XP level 1. HP: 18/18 MP: 1/1
   435 | D:1      | Gained mutation: You sometimes gain a little power by taking damage. [demonic ancestry]
   435 | D:1      | Reached XP level 2. HP: 20/24 MP: 2/2
   735 | D:2      | Reached XP level 3. HP: 28/29 MP: 3/3
   819 | D:2      | Found a glowing silver altar of Zin.
   952 | D:2      | Found a shattered altar of Ashenzari.
   991 | D:2      | Reached XP level 4. HP: 31/35 MP: 4/4
  1581 | D:3      | Noticed Robin
  1615 | D:3      | Killed Robin
  1643 | D:3      | Gained mutation: You have a pair of small antennae on your head. [demonic ancestry]
  1643 | D:3      | Reached XP level 5. HP: 41/41 MP: 5/5
  1679 | D:3      | Found an opulent altar of Gozag.
  1865 | D:3      | Found an iron altar of Okawaru.
  1887 | D:3      | Became a worshipper of Warmaster Okawaru
  2069 | D:3      | Found a deep blue altar of Sif Muna.
  2346 | D:4      | Noticed a two-headed ogre
  2353 | D:4      | HP: 1/42 [two-headed ogre/giant club (8)]
  2354 | D:4      | Mangled by a two-headed ogre

Skill      XL: |  1  2  3  4  5 |
---------------+----------------+-----
Shields        | 3 |  3.8
Long Blades    | 2 3 |  3.1
Armour         | 3 |  3.2
Fighting       | |  3.7
Dodging        | |  0.5

Action                   |  1- 3 |  4- 6 || total
-------------------------+-------+-------++-------
Melee: Long sword        |    97 |   166 ||   263
  Use: Scroll            |       |     3 ||     3
       Potion            |       |     1 ||     1
  Eat: Chunk             |       |     5 ||     5
Armor: Scale mail        |    38 |    71 ||   109
Dodge: Dodged            |    26 |    48 ||    74
Block: Shield            |    63 |    94 ||   157
       Rpst.: Long sword |     8 |    16 ||    24
